[Event "Israel-ch Semi-final 2022"]
[Site "Ramat Gan"]
[Date "2022.06.20"]
[Round "7.1"]
[White "Mordechai, Hanan"]
[Black "Dvoirys, Semen I."]
[Result "1-0"]
[ECO "B97"]
[WhiteElo "2313"]
[BlackElo "2439"]
[Annotator "TA"]
[PlyCount "66"]
[EventDate "2022.05.09"]
[EventType "swiss"]
[EventCountry "ISR"]
[SourceTitle "playchess.com"]
[Source "ChessBase"]
[SourceQuality "1"]
[TimeControl "40/5400+30:1800+30"]

1. e4 c5 2. Nf3 d6 3. d4 cxd4 4. Nxd4 Nf6 5. Nc3 a6 6. Bg5 e6 7. f4 Qb6 8. Qd2 Qxb2 9. Rb1 Qa3 10. e5 h6 11. Bh4 (11. exf6 hxg5 12. fxg7 (12. fxg5 gxf6 13. Nf3 fxg5 $19) 12... Bxg7 13. fxg5 Qc5 $17) 11... dxe5 {[%emt 0:00:38] B97: Sicilian Najdorf: Poisoned Pawn.} 12. fxe5 g5 {[%emt 0:00:11] 12...Nfd7 deserves study.} 13. exf6 gxh4 {[%emt 0:00:09] The position is equal.} 14. Be2 $1 Qa5 15. O-O Nd7 16. Kh1 {[%emt 0:01:07] 16.Rbd1 is vanishing.} Qg5 17. Qd3 {[%emt 0:00:13] Threatens to win with Ne4.} Nc5 18. Qc4 Bd7 19. Bf3 Rc8 {[%emt 0:03:57][%cal Oc5a4] ...Na4! is the strong threat.} 20. Qe2 $1 Bd6 $40 {[%emt 0:12:10][%mdl 128] Strongly threatening ...Qf4. Black mounts an attack.} (20... Qxf6 21. Rbd1 Qe7 22. Bh5 $16) 21. Bxb7 {[%emt 0:08:38] was the old line (21.Ne4).} Nxb7 22. Ne4 {[%emt 0:00:17] [#] The board is on fire.} Qd5 $146 {[%emt 0:12:29][%csl LRa2,LRd4] [#]} ({Predecessor:} 22... Qe5 23. Nxd6+ Qxd6 24. Nf5 Qc6 25. Rxb7 h3 26. Rf3 Kd8 27. Rfb3 Qxg2+ 28. Qxg2 hxg2+ 29. Kg1 exf5 30. Rd3 Rc7 31. Rb8+ {½-½ (31) Bescos Anzano,M (2557)-Wunderlich,H (2572) ICCF email 2018}) 23. Rxb7 $1 h3 {[%emt 0:10:58] [#]} (23... Qxd4 $2 24. Rd1 Qxe4 25. Qxe4 $18) (23... Be5 $5 24. Nf3 Bf4 $11) (23... Be5 24. Nf3) 24. Nf3 $2 hxg2+ $19 25. Kxg2 Bf4 26. Rxd7 Qxd7 (26... Kxd7 $2 27. Rd1 $18) 27. Rd1 Qb5 ({Wrong is} 27... Qa4 $2 28. Nd4 Rg8+ 29. Kh1 $19) 28. Rd3 Rg8+ 29. Kf1 Qb1+ 30. Ne1 Qxa2 {[%emt 0:02:33][%mdl 8192] [#]} (30... Qb6 $19 {[%csl Gb6][%cal Rg8g1] avoids the disaster.} 31. Nf3 Rc4 32. Rd8+ Kxd8 33. Qxc4 Bxh2 $1 ) 31. Qf2 $18 {[%emt 0:00:53] Inhibits Rg1+.} Bb8 {[%emt 0:02:01] Prevents Qa7. aiming for ...Rg4.} 32. Qb6 $2 (32. Qd4 $18 {White wants to mate with Qd7+.} Qd5 33. Qb4 Rg1+ 34. Kxg1 Ba7+ 35. Kf1) 32... Qa1 $2 (32... Bxh2 {gets mated.} 33. Nd6+ Kf8 34. Nxc8 Rg1+ 35. Qxg1) (32... Qc4 $2 33. Qb7 Qc7 34. Nd6+ Kf8 {[#]} 35. Nxc8 $1 $18) (32... e5 $11 33. Rc3 (33. Qb7 Qe6 $17) 33... Rxc3 34. Qxb8+ Kd7 35. Qd6+ Kc8 36. Nxc3 Qc4+ 37. Ne2 e4) 33. Qb4 e5 {[%emt 0:07:07] Weighted Error Value: White=0.47/Black=0.74} 1-0

[Event "Israel-ch Semi-final 2022"]
[Site "Ramat Gan"]
[Date "2022.06.20"]
[Round "7.2"]
[White "Tzidkiya, Yeshaayahu"]
[Black "Zemach, Nadav"]
[Result "1-0"]
[ECO "C44"]
[WhiteElo "2430"]
[BlackElo "2238"]
[Annotator "TA"]
[PlyCount "123"]
[EventDate "2022.05.09"]
[EventType "swiss"]
[EventCountry "ISR"]
[SourceTitle "playchess.com"]
[Source "ChessBase"]
[SourceQuality "1"]
[TimeControl "40/5400+30:1800+30"]

1. e4 e5 2. Nf3 Nc6 3. g3 Nf6 4. d3 d5 5. exd5 Nxd5 6. Bg2 g6 {[%emt 0:05:29] 6...Bc5 is the modern continuation. C44: Ponziani Opening and Scotch Gambit.} 7. Nc3 {[%emt 0:02:58] [#]} Nb6 $146 ({Predecessor:} 7... Bg7 8. O-O O-O 9. Nxd5 Qxd5 10. Re1 Qd6 11. Nd2 Re8 12. Ne4 Qd8 13. c3 h6 14. b4 Kh7 15. h4 f5 16. Bg5 Qd7 {0-1 (49) Rapport,R (2763)-Amin,B (2680) Warsaw 2021}) 8. a4 a5 {[%emt 0:02:27] White has an edge.} 9. Be3 Bg7 $1 10. Bc5 Nd7 11. Ba3 Nb4 12. O-O O-O $1 13. Re1 Re8 $1 14. d4 exd4 15. Rxe8+ Qxe8 16. Nb5 Qd8 17. Nbxd4 Nb6 18. c3 $36 {[%emt 0:04:37][%mdl 2048] Black is under pressure.} N4d5 (18... c5 $1 $11 {should be considered.}) 19. Qb3 $14 Bd7 20. Nb5 c6 21. Nd6 Qc7 {[%emt 0:01:00] [#]} 22. Nxf7 $1 Kxf7 23. c4 Nf6 {[%emt 0:04:44] [#]} (23... Nb4 $2 24. Bxb4 axb4 25. c5+ Nd5 26. Ng5+ Ke7 27. Bxd5 $18) 24. Bd6 Qd8 25. Ng5+ $1 Kg8 26. Re1 {[%emt 0:00:40] 0x0.000bd68b5ac5dp-1022s more active pieces.} (26. Rd1 $1 $16 {c5+ is the strong threat.} Bf5 27. c5+ (27. Be5 Qe8 $11) 27... Nfd5 28. Rxd5) 26... Bf8 27. Bxf8 Kxf8 28. Rd1 $1 Kg8 ({Black should try} 28... h6 $1 $14 29. Ne6+ Bxe6 30. Rxd8+ Rxd8) 29. c5+ $1 $16 Nbd5 30. Bxd5+ cxd5 (30... Nxd5 $2 31. Rxd5 cxd5 32. Qxd5+ Kg7 33. Qf7+ Kh6 34. f4 $18) 31. Rxd5 Kg7 (31... Nxd5 $2 32. Qxd5+ Kg7 33. Qf7+ Kh6 34. f4 $18) 32. Ne6+ $1 Bxe6 33. Rxd8 Bxb3 34. Rxa8 Bxa4 35. Rxa5 Bc6 ({Better is} 35... Bb3 $1 $14) 36. b4 $1 Kf7 37. b5 $1 Be4 38. c6 {[%emt 0:00:42] Inhibits Nd7.} bxc6 {[%emt 0:00:32] Loses the game.} (38... Ne8 $16 39. Ra1 (39. Ra7 Nd6 $16) 39... Bd5) 39. b6 $18 Nd7 {[%emt 0:02:59] [#]} 40. b7 c5 {[%emt 0:01:47] [#]} 41. Rxc5 $3 {[%emt 0:30:26][%mdl 576] Deflection, Promotion} Nxc5 (41... Nb8 $142 42. Rc8 Na6) (41... Kf6 42. Rc7) 42. b8=Q Nd7 43. Qf4+ Nf6 44. g4 {[%emt 0:00:06] Threatens to win with g5.} g5 45. Qxg5 Bf3 46. h3 {[%emt 0:00:06] aiming for Qf4.} h5 47. gxh5 Bxh5 48. Kg2 {[%emt 0:00:05] White wants to mate with Qe5.} Bg6 49. f3 {[%emt 0:00:08] Threatening mate with Kg3.} Nh5 50. Kf2 {[%emt 0:00:06] White mates.} Nf6 51. Ke3 Nh7 52. Qd5+ Kg7 53. Kf4 Kh6 54. Qd6 Kh5 55. Qe7 Kh6 56. h4 Kh5 57. Qe5+ Kh6 58. Kg4 Bf7 59. h5 Bg8 60. Qd6+ Kg7 61. h6+ Kf7 62. Qd7+ {[%emt 0:00:24] Weighted Error Value: White=0.08 (flawless) /Black=0.47} 1-0

[Event "Israel-ch Semi-final 2022"]
[Site "Ramat Gan"]
[Date "2022.06.20"]
[Round "7.3"]
[White "Aharonovich, Itamar"]
[Black "Uritsky, Yonathan"]
[Result "1-0"]
[ECO "A58"]
[WhiteElo "2324"]
[BlackElo "2072"]
[Annotator "TA"]
[PlyCount "117"]
[EventDate "2022.05.09"]
[EventType "swiss"]
[EventCountry "ISR"]
[SourceTitle "playchess.com"]
[Source "ChessBase"]
[SourceQuality "1"]
[TimeControl "40/5400+30:1800+30"]

1. d4 Nf6 2. c4 g6 3. g3 c5 4. d5 b5 5. cxb5 a6 6. bxa6 Bg7 7. Nc3 O-O 8. Bg2 d6 9. Nf3 Nbd7 10. O-O Bxa6 11. Rb1 Qa5 12. Bd2 Rfb8 {[%emt 0:02:19] A58: Benko/Volga Gambit: Lines with 5 bxa6.} 13. a4 Qc7 14. b3 {[%emt 0:05:00] Prevents Bc4.} Rb7 {[%emt 0:02:42] White is slightly better.} 15. Qc2 Nb6 16. Nh4 (16. Rfc1 {keeps more tension.} Nbxd5 17. Nxd5 Nxd5 18. Ng5) 16... Rab8 {[%emt 0:01:18] [#]} 17. Rfd1 $146 ({Predecessor:} 17. Rfe1 Nfd7 18. f4 Nc8 19. e3 Ndb6 20. Rec1 Qd7 21. a5 Na8 22. Nf3 Nc7 23. e4 {0-1 (49) Cmilyte,V (2464)-Golubenko,V (2316) Heraklion 2007}) 17... Nc8 {[%emt 0:02:20] White now steadily converts the win.} (17... Nbd7 $14) 18. Be1 {[%emt 0:03:20] White is more active.} Nd7 19. Nf3 Rb6 ({Black should play} 19... Ne5) 20. Na2 $16 Qb7 21. b4 cxb4 22. Rxb4 Nc5 23. Nd4 Bxd4 24. Rdxd4 Qd7 25. h4 Rxb4 (25... Qf5 $142 26. Qxf5 gxf5) 26. Nxb4 $18 Bb7 27. Nc6 Bxc6 28. dxc6 Qc7 29. h5 {[%emt 0:05:03] hxg6 is the strong threat.} e5 30. Rc4 Ne7 31. Bb4 Ne6 32. Ba3 {[%emt 0:07:53] A strong pair of Bishops.} Nd4 33. Qd1 Rd8 34. hxg6 hxg6 35. e3 Ne6 (35... Ndxc6 36. Bxc6 Nxc6) 36. Bd5 Kg7 37. a5 Nc5 38. Qf3 ({But not} 38. Bxc5 $6 dxc5 39. Rxc5 Qd6 $16) 38... f5 39. Bxc5 dxc5 40. e4 ({Weaker is} 40. Rxc5 Rxd5 41. Rxd5 Qxc6 $15) 40... Qxa5 {[%emt 0:02:21] ( -> ...Qa1+)} 41. Qc3 {[%emt 0:02:02] Prevents Qa1+.} Qxc3 42. Rxc3 Nxd5 (42... fxe4 43. Bxe4 Rd4) 43. exd5 {[%emt 0:00:12][%mdl 4096] Endgame White wants to mate with c7. KR-KR. White is clearly winning.} Kf6 44. Rxc5 {[%emt 0:05:37][%cal Od5d6] Threatening mate with d6!} Ke7 45. c7 Rc8 46. Rc6 Kd7 47. Rxg6 Rxc7 48. Re6 Rc1+ 49. Kg2 Re1 (49... e4 $142 50. Rf6 Rc2 51. Rxf5 e3) 50. f4 e4 51. Re5 Re2+ 52. Kf1 Re3 {[%emt 0:01:35] [#]} 53. Kf2 $1 Rd3 54. Rxf5 {[%emt 0:00:17] aiming for g4.} Kd6 55. Re5 Rd2+ 56. Kf1 (56. Ke3 $142 Rd3+ 57. Kxe4 Rxg3 58. Re6+ Kd7 59. f5) 56... Rd3 {[%emt 0:01:10] [#]} 57. Kg2 $1 e3 58. Kf3 e2+ 59. Kf2 {[%emt 0:15:44] Weighted Error Value: White=0.20 (precise) /Black=0.38} 1-0

[Event "Israel-ch Semi-final 2022"]
[Site "Ramat Gan"]
[Date "2022.06.20"]
[Round "7.4"]
[White "Chernomordik, Pavel"]
[Black "Solomon, Asif"]
[Result "1-0"]
[ECO "B06"]
[WhiteElo "2178"]
[BlackElo "2288"]
[Annotator "TA"]
[PlyCount "79"]
[EventDate "2022.05.09"]
[EventType "swiss"]
[EventCountry "ISR"]
[SourceTitle "playchess.com"]
[Source "ChessBase"]
[SourceQuality "1"]
[TimeControl "40/5400+30:1800+30"]

1. e4 g6 2. d4 d6 3. Nc3 Bg7 4. Be3 a6 5. Qd2 b5 6. f3 Bb7 {[%emt 0:00:21] B06: Modern Defence.} 7. h4 h6 8. Nh3 Nd7 {[%emt 0:01:29] White is slightly better.} 9. O-O-O e6 10. g4 Nb6 11. a3 Ne7 {[%emt 0:03:26] [#]} 12. g5 $146 (12. h5 $16) ({Predecessor:} 12. h5 g5 13. f4 gxf4 14. Bxf4 Qd7 15. g5 hxg5 16. Nxg5 Nc6 17. d5 Nd4 18. Be3 {1-0 (24) Preotu,R (2473)-Chernomordik,P (2182) Chess.com INT 2021}) 12... h5 $1 $11 13. Nf4 c6 {[%emt 0:08:43] Prevents d5.} 14. Qf2 Nc4 15. Bxc4 bxc4 16. Qf1 a5 17. Qxc4 Ba6 18. Qa2 $36 {[%emt 0:02:28][%mdl 2048] White has good play.} O-O 19. Nd3 Qb6 20. Na4 Qa7 21. Rhe1 Bxd4 22. Bxd4 Qxd4 23. Ndc5 {[%emt 0:00:15] Pair of Knights!} Qe5 (23... Qf2 $1 $11 24. Nxa6 Rxa6) 24. Nxa6 (24. Nd7 $16 Qf4+ 25. Kb1) 24... Rxa6 25. Qc4 Qf4+ 26. Kb1 Raa8 27. Qd4 (27. Nb6 Rad8 $11) 27... Rfd8 28. Qf6 Qxf6 29. gxf6 Nc8 30. c4 Rb8 31. Rd3 Re8 (31... d5 $11 {remains equal.}) 32. c5 $16 dxc5 33. Nxc5 Nb6 34. Rc1 {[%emt 0:01:01] Prevents Nc4. White is much more active.} Red8 ({Better is} 34... a4) 35. Rxd8+ Rxd8 36. Nb7 Rd3 {[%emt 0:00:39] [#]} 37. Rxc6 ({Don't take} 37. Nxa5 Rxf3 38. Rxc6 (38. Nxc6 Rxf6 39. b3 Rf4 $14) 38... Nd7 $16) (37. f4 $1 $18) 37... Nd7 38. Rc8+ Kh7 39. Nd8 Nb6 {[%emt 0:02:49] [#]} (39... g5 $142) 40. Rb8 $1 {[%emt 0:00:07] Weighted Error Value: White=0.15 (very precise) /Black=0.23 (precise)} ({Resist} 40. Rc6 $6 Rxd8 41. Rxb6 g5 $16) 1-0

[Event "Israel-ch Semi-final 2022"]
[Site "Ramat Gan"]
[Date "2022.06.20"]
[Round "7.5"]
[White "Bin-Nun, Peleg"]
[Black "Ribshtein, Nati"]
[Result "1-0"]
[ECO "B40"]
[WhiteElo "2056"]
[BlackElo "2286"]
[Annotator "TA"]
[PlyCount "68"]
[EventDate "2022.05.09"]
[EventType "swiss"]
[EventCountry "ISR"]
[SourceTitle "playchess.com"]
[Source "ChessBase"]
[SourceQuality "1"]
[TimeControl "40/5400+30:1800+30"]

1. e4 c5 2. Nf3 e6 3. g3 Nc6 4. Bg2 Nf6 5. Qe2 d5 6. exd5 {[%emt 0:00:07] B40: Sicilian: 2...e6, Unusual lines.} Nxd5 7. O-O Be7 8. Rd1 {[%emt 0:00:06] White has an edge.} O-O 9. d4 {[%emt 0:00:12] Inhibits e5.} cxd4 10. Nxd4 Nxd4 11. Rxd4 Bf6 12. Rd1 Qb6 ({Black should play} 12... b5 $14) 13. c4 $16 Ne7 14. Nc3 Nc6 15. Be3 Nd4 16. Qd2 Rd8 {[%emt 0:00:00] [#]} 17. Nd5 $146 {[%emt 0:06:49][%mdl 512] Inhibits Qc7.} ({Predecessor:} 17. Ne4 e5 18. c5 Qe6 19. Nxf6+ gxf6 20. Qa5 Qe7 21. Bxd4 exd4 22. Re1 Be6 23. Rad1 {0-1 (72) Sychev,K (2555)-Florescu,C (2289) Chess.com INT 2021}) 17... exd5 18. Bxd4 dxc4 19. Bxb6 {[%emt 0:00:02][%mdl 64] Threatening mate with Qxd8+. Discovered Attack} Rxd2 20. Rxd2 axb6 {[%emt 0:00:00] [#]} 21. Rd5 (21. Rd6 $1 $16 ) 21... g6 22. Rb5 Be6 23. Bf3 Bd4 24. Rd1 (24. Bxb7 $16 Ra7 25. Rd1) 24... Bc5 $1 $11 25. Bxb7 (25. a3 $5 ) 25... Ra7 (25... Rxa2 $11 26. Bd5 Bxd5 27. Rxd5 Ra1+ 28. Kg2 Rb1) 26. Bd5 $14 Rd7 27. Bf3 Rxd1+ {[%emt 0:00:00] A mistake that costs the game.} (27... Ra7 $1 $14) 28. Bxd1 $18 Bd7 {[%emt 0:00:00] [#]} 29. Rxc5 bxc5 {[%emt 0:00:00] KB-KB} 30. Kf1 Kf8 31. Ke2 {[%emt 0:00:15] Strongly threatening Kd2.} Ke7 (31... c3 {might work better.} 32. bxc3 Ke7) 32. Kd2 Kd6 33. Kc3 Kc6 $2 (33... f6 34. a4 Bh3) 34. Ba4+ Kd5 {[%emt 0:12:00] Weighted Error Value: White=0.08 (flawless) /Black=0.20 (precise)} 1-0

[Event "Israel-ch Semi-final 2022"]
[Site "Ramat Gan"]
[Date "2022.06.20"]
[Round "7.6"]
[White "Stolyarsky, Yegor"]
[Black "Reprun, Nadejda"]
[Result "1-0"]
[ECO "D78"]
[WhiteElo "2174"]
[BlackElo "1954"]
[Annotator "TA"]
[PlyCount "37"]
[EventDate "2022.05.09"]
[EventType "swiss"]
[EventCountry "ISR"]
[SourceTitle "playchess.com"]
[Source "ChessBase"]
[SourceQuality "1"]
[TimeControl "40/5400+30:1800+30"]

1. d4 d5 2. c4 c6 3. Nf3 Nf6 4. g3 g6 5. Bg2 Bg7 6. O-O O-O 7. Qb3 dxc4 8. Qxc4 Be6 {[%emt 0:00:51] 8...b5 is the recent fashion.} 9. Qc2 Bd5 {[%emt 0:01:55] [#] Prevents e4. D78: Fianchetto Grünfeld: 6 0-0 c6.} (9... Bf5 $5 10. Qb3 Qb6 $11) 10. Rd1 $146 ({Predecessor:} 10. Nbd2 Na6 11. e4 Be6 12. a3 Nh5 13. Nb3 Qb6 14. Nc5 Nxc5 15. dxc5 Qb3 16. Qxb3 Bxb3 17. e5 {1-0 (39) Marodi,M (2119)-Soergel,F (2144) Budapest 2004}) 10... Nbd7 11. Nc3 {[%emt 0:00:45] Prevents Be4.} Bxf3 {[%emt 0:00:45] White is slightly better.} 12. Bxf3 e6 13. e4 {[%emt 0:05:10] White is more active.} Rc8 14. Bf4 (14. Bg2 $16) 14... Qe7 $14 15. Qe2 e5 16. Be3 exd4 17. Bxd4 c5 (17... Rcd8 $14) 18. Be3 ({Better is} 18. Bxf6 $16 Nxf6 19. e5) 18... a6 19. a4 {[%emt 0:05:26] Weighted Error Value: White=0.20 (precise) /Black=0.22 (precise)} 1-0

[Event "Israel-ch Semi-final 2022"]
[Site "Ramat Gan"]
[Date "2022.06.20"]
[Round "7.7"]
[White "Shimshovich, Asaf"]
[Black "Lahav, Michal"]
[Result "0-1"]
[ECO "B35"]
[WhiteElo "1816"]
[BlackElo "2199"]
[Annotator "TA"]
[PlyCount "82"]
[EventDate "2022.05.09"]
[EventType "swiss"]
[EventCountry "ISR"]
[SourceTitle "playchess.com"]
[Source "ChessBase"]
[SourceQuality "1"]
[TimeControl "40/5400+30:1800+30"]

1. e4 c5 2. Nf3 Nc6 3. d4 cxd4 4. Nxd4 g6 5. Nc3 Bg7 6. Be3 Nf6 7. Bc4 O-O 8. Bb3 Ng4 9. Qxg4 Nxd4 10. Qd1 Nxb3 11. axb3 a6 12. O-O {[%emt 0:02:24] B35: Sicilian: Accelerated Dragon with 5 Nc3: main line.} (12. Nd5 $5 d6 13. Bb6 $14) 12... d6 13. Qd2 Bd7 14. Rad1 {[%emt 0:03:43] White has an edge.} Bc6 {[%emt 0:03:24] [#]} 15. Nd5 $146 ({Predecessor:} 15. Bd4 Bxd4 16. Qxd4 Rc8 17. f4 Qa5 18. b4 Qc7 19. f5 f6 20. Rf2 Kg7 21. Ne2 {½-½ (56) Zandonai Ignacio,A (1971)-Santos,L (1888) Goiania 2017}) 15... b5 16. c4 (16. Bh6 {with more complications.} Bxh6 17. Qxh6 e6 18. Rd3) 16... Rb8 (16... Re8 {seems wilder.} 17. Bb6 Qb8 18. Bd4 Bxd4 19. Qxd4 bxc4 20. bxc4 Ra7) 17. c5 dxc5 18. Bxc5 Bxd5 19. exd5 {[%emt 0:00:37] Threatens to win with d6.} Qd7 20. Rfe1 Rfe8 21. h3 Qb7 22. Qf4 {[%emt 0:09:22][%cal Oc5e7] aiming for Bxe7!} Rbd8 23. Qf3 Bxb2 24. Re2 Bg7 25. b4 e6 26. Red2 (26. d6 $15 Qxf3 27. gxf3) 26... exd5 $17 27. Rxd5 Rxd5 28. Rxd5 {[%emt 0:00:49][%cal Od5d8] [#] Strongly threatening Rd8!} Qc7 {[%emt 0:01:50][%cal Re8e1] Against Rd8} 29. g3 h5 30. Rd6 a5 (30... Bf8 $17 31. Rc6 Qd7) 31. Qd5 (31. Ra6 $11 Qe5 32. Ra7) 31... Re5 $15 32. Qa8+ (32. Rd8+ $15 Kh7 33. Rd7 Rxd5 34. Rxc7 axb4 35. Bxb4) 32... Kh7 $19 33. Rc6 $2 {[%emt 0:01:11] Now White is beyond hope.} (33. Qc6 $17 Qxc6 34. Rxc6) 33... Qd7 34. Kh2 axb4 35. Rd6 Qf5 36. Bd4 Re2 {[%emt 0:00:32] [#] ( -> ...Bxd4)} 37. Be3 b3 38. Rd5 Rxf2+ {[%emt 0:00:37] Black mates.} 39. Bxf2 Qxf2+ 40. Kh1 Qf3+ 41. Kh2 b2 {[%emt 0:30:46] Weighted Error Value: White=0.89/Black=0.22 (precise)} 0-1

[Event "Israel-ch Semi-final 2022"]
[Site "Ramat Gan"]
[Date "2022.06.20"]
[Round "7.8"]
[White "Yaniv, Ori"]
[Black "Horesh, Tal"]
[Result "1-0"]
[ECO "E13"]
[WhiteElo "2143"]
[BlackElo "1973"]
[Annotator "TA"]
[PlyCount "83"]
[EventDate "2022.05.09"]
[EventType "swiss"]
[EventCountry "ISR"]
[SourceTitle "playchess.com"]
[Source "ChessBase"]
[SourceQuality "1"]
[TimeControl "40/5400+30:1800+30"]

1. d4 Nf6 2. c4 c5 3. e3 e6 4. Nf3 b6 5. Nc3 cxd4 6. exd4 Bb4 7. Bd3 Bxc3+ 8. bxc3 O-O 9. O-O Bb7 10. Bg5 h6 11. Bh4 d6 12. Re1 {[%emt 0:02:34] White is more active. E13: Queen's Indian/Nimzo-Indian hybrid: 4 Nc3 Bb7 5 Bg5 h6 6 Bh4 Bb4.} Nbd7 13. Nd2 {[%emt 0:05:47] [#]} Qc8 $146 ({Predecessor:} 13... Qc7 14. a4 Rfe8 15. Bf1 Rac8 16. a5 d5 17. Bg3 Qc6 18. Rb1 dxc4 19. Nxc4 Ne4 20. Rxe4 Qxe4 {1-0 (31) Nguyen,H (2484)-Csiszar,C (2450) Zalakaros 2009}) 14. Rc1 {[%emt 0:01:29] White is slightly better.} Re8 15. f3 d5 (15... Nh5 $11) 16. cxd5 $14 exd5 17. Nf1 Ba6 18. Rxe8+ Nxe8 19. Bb1 {[%emt 0:00:30] This bishop pair is nice.} (19. Ne3 $5 Bxd3 20. Qxd3 $14) 19... Nef6 (19... Bxf1 $11 20. Qxf1 Qc6) 20. Ne3 $16 Qe8 (20... Bc4 $14) 21. Qd2 Rc8 (21... Qf8 $16 {might work better.}) 22. Nf5 (22. Bf5 $18 {has better winning chances.}) 22... Qf8 $2 {[%emt 0:01:26] [#]} (22... Rc6 $16 {was worth a try.}) 23. Bg3 $1 $18 Rc6 {[%emt 0:02:23] Inhibits Bd6.} 24. Ne3 $2 (24. Re1 $18 {Black must now prevent Ne7+.} Re6 25. Rxe6 fxe6 26. Bd6) 24... Qa3 $14 25. Be1 Re6 26. g4 Qe7 27. Bf2 Nf8 28. Re1 {[%emt 0:01:07] Bf5 is the strong threat.} Ng6 ({Better is} 28... Qb7 $14) 29. Bf5 $18 Nf4 (29... Qf8 $142 30. Bxe6 fxe6) 30. Bg3 ({Don't take} 30. Bxe6 Nh3+ 31. Kg2 Nf4+ 32. Kh1 Nxe6 $18) 30... Ne2+ (30... Ng6 {keeps fighting.} 31. Bxe6 fxe6) 31. Rxe2 Bxe2 32. Bxe6 Bxf3 33. Bf5 g6 34. Qf2 Be4 35. Bxe4 Nxe4 36. Qf3 ({And not} 36. Nxd5 Qg5 37. Qf4 Qxd5 $11) 36... Ng5 37. Qe2 {[%emt 0:00:57] Hoping for h4.} Qe4 {[%emt 0:01:09] ( -> ...Nh3+)} 38. h4 {[%emt 0:00:01] White is clearly winning.} Ne6 39. Kf2 f5 40. gxf5 gxf5 41. Ng2 f4 {[%emt 0:02:40] [#]} 42. Nxf4 $1 {[%emt 0:00:00][%mdl 512] Weighted Error Value: White=0.24 (precise) /Black=0.53} 1-0

[Event "Israel-ch Semi-final 2022"]
[Site "Ramat Gan"]
[Date "2022.06.27"]
[Round "8.1"]
[White "Dvoirys, Semen I."]
[Black "Aharonovich, Itamar"]
[Result "1-0"]
[ECO "C84"]
[WhiteElo "2439"]
[BlackElo "2324"]
[Annotator "TA"]
[PlyCount "113"]
[EventDate "2022.05.09"]
[EventType "swiss"]
[EventCountry "ISR"]
[SourceTitle "playchess.com"]
[Source "ChessBase"]
[SourceQuality "1"]
[TimeControl "40/5400+30:1800+30"]

1. e4 e5 2. Nf3 Nc6 3. Bb5 a6 4. Ba4 Nf6 5. O-O b5 6. Bb3 Bb7 7. d3 Be7 8. a4 O-O 9. Nc3 Na5 {[%emt 0:00:35] C84: Closed Ruy Lopez: Unusual White 6th moves.} 10. Ba2 b4 11. Ne2 d5 {[%emt 0:00:18] The position is equal.} 12. exd5 Bxd5 13. Bxd5 Qxd5 14. Ng3 Nc6 15. Nf5 {[%emt 0:08:22] [#]} Rae8 $146 ({Predecessor:} 15... h6 16. Be3 Rfe8 17. Re1 Rad8 18. Nd2 Bf8 19. Ng3 Bc5 20. Nh5 Nxh5 21. Qxh5 Nd4 {0-1 (55) Cole,S (1921)-Barbalic,Z (2016) ICCF email 2018}) 16. Re1 Bc5 17. Qd2 {[%emt 0:05:56] Black must now prevent Qg5.} Re6 18. Qg5 {[%emt 0:02:04][%csl Gf5][%cal Rg5g7] Against Ng4} Ne8 19. Be3 Be7 20. Qg4 a5 21. h4 ({But not} 21. Nxe7+ Nxe7 22. Rac1 Nf6 $11) 21... Rg6 22. Qe4 Qxe4 23. dxe4 {[%emt 0:02:31][%cal Of3e5] Nxe5! is the strong threat.} Re6 24. Rad1 f6 {[%emt 0:06:23] Against Ng5} 25. Rd5 ({Much weaker is} 25. Nxe7+ Nxe7 26. Rd7 Nc8 $11) 25... Bd6 {[%emt 0:03:16] [#]} (25... Nd6 $142) 26. Nd2 $1 $16 {[%emt 0:10:35] White is much more active.} g6 27. Nxd6 (27. Nh6+ $16 Kg7 28. Nc4) 27... Nxd6 $14 28. Bc5 Rc8 29. Rd1 Ne7 30. Rd3 Nc6 31. f3 f5 32. Re1 Nb7 33. Rd5 Rd8 {[%emt 0:01:44] [#]} 34. Nc4 $1 fxe4 35. fxe4 Ree8 36. Bf2 Kf7 (36... Nd4 $16) 37. Rb5 $18 Nd6 38. Nxa5 Nxb5 39. Nxc6 Rd2 {[%emt 0:01:12] A mistake that costs the game.} (39... Nd4 $16 40. Nxd8+ Rxd8) 40. axb5 Rxc2 41. b3 ({Resist} 41. Nxb4 Rxb2 42. Nd5 Rc8 $18) 41... Rb2 {[%emt 0:06:46] [#]} (41... Rc3 $142 42. Rb1 Ra8 43. Nxe5+ Ke8) 42. Nxe5+ $1 Kg8 (42... Ke7 43. Bc5+) 43. Nd7 Ra8 44. Nf6+ Kf7 45. Nd5 Raa2 46. Nxb4 $2 (46. Rf1 {Hoping for Bd4+.} Ke8 47. Nxc7+ Kd8 48. b6) 46... Rxf2 47. Nxa2 Rxa2 {[%emt 0:00:15][%mdl 4096] Endgame KR-KR} 48. Rc1 {[%emt 0:00:00] Inhibits Rc2.} Ra7 49. Rc6 Rb7 50. Kf2 {[%emt 0:00:00] Strongly threatening Rc5.} h6 $2 (50... Rxb5 51. Rxc7+ Kg8) 51. b4 Rxb5 52. Rxc7+ Kf6 53. Rc6+ Kf7 54. Rc4 g5 (54... Ke6 $142 55. g3 Re5) 55. hxg5 hxg5 56. Ke3 Kg6 57. g4 {[%emt 0:00:00] Weighted Error Value: White=0.20 (precise) /Black=0.34} 1-0

[Event "Israel-ch Semi-final 2022"]
[Site "Ramat Gan"]
[Date "2022.06.27"]
[Round "8.2"]
[White "Poleg, Matan"]
[Black "Raiko, Yossi"]
[Result "1-0"]
[ECO "E14"]
[WhiteElo "2225"]
[BlackElo "1923"]
[Annotator "RC"]
[PlyCount "123"]
[EventDate "2022.05.09"]
[EventType "swiss"]
[EventCountry "ISR"]
[SourceTitle "playchess.com"]
[Source "ChessBase"]
[SourceQuality "1"]
[TimeControl "40/5400+30:1800+30"]

1. d4 Nf6 2. Nf3 e6 3. c4 d5 4. e3 Be7 5. b3 O-O 6. Bd3 b6 7. O-O Bb7 8. cxd5 exd5 9. Bb2 Nbd7 10. Nc3 c5 11. Ne5 Ne4 12. Ne2 Bf6 13. f3 Ng5 14. Ng3 cxd4 15. exd4 g6 16. Bb5 Nxe5 17. dxe5 Bg7 18. f4 Ne4 19. Nxe4 dxe4 20. Ba3 Qxd1 21. Rfxd1 Rfd8 22. Be7 Rdc8 23. Rac1 Bf8 24. Bxf8 Kxf8 25. g3 Rxc1 26. Rxc1 Rc8 27. Rxc8+ Bxc8 28. Kf2 f5 29. exf6 Kf7 30. Bc6 Kxf6 31. Ke3 g5 32. Bxe4 h6 33. Kf3 Be6 34. fxg5+ hxg5 35. h4 gxh4 36. gxh4 a5 37. Kf4 a4 38. Bc2 axb3 39. Bxb3 Bh3 40. a3 Kg6 41. Bd1 Bf1 42. Ke5 Kh6 43. Bf3 Bd3 44. Bg4 Bf1 45. Kd6 Bd3 46. Kc6 b5 47. Kc5 Bf1 48. Kd4 Bc4 49. Ke3 Kg6 50. Be2 Bb3 51. Kd4 Kh6 52. Kc5 Bc2 53. Kxb5 Kg6 54. Kb4 Kh6 55. Bc4 Kh5 56. Bb3 Bd3 57. a4 Kxh4 58. a5 Kg5 59. Bc4 Be4 60. a6 Kf6 61. Kc5 Ke5 62. a7 1-0